 Dungeon Crawl Stone Soup version 0.25-a0-942-g87a5396 (webtiles) character file.

Game seed: 2831303151522153968, levelgen mode: deterministic

74 DrEnzyme the Skirmisher (level 4, 0/29 HPs)
             Began as a Kobold Wanderer on May 5, 2020.
             Succumbed to an adder's poison
             ... on level 2 of the Dungeon.
             The game lasted 00:02:52 (2076 turns).

DrEnzyme the Skirmisher (Kobold Wanderer)           Turns: 2076, Time: 00:02:53

Health: 0/29       AC:  3    Str:  9    XL:     4   Next: 54%
Magic:  4/4        EV: 14    Int: 16    God:
Gold:   74         SH:  0    Dex: 12    Spells: 3/3 levels left

rFire    . . .     SeeInvis .   a - +0 dagger
rCold    . . .     Gourm    .   (shield restricted)
rNeg     . . .     Faith    .   c - +0 leather armour
rPois    .         Spirit   .   (no helmet)
rElec    .         Reflect  .   (no cloak)
rCorr    .         Harm     .   (no gloves)
MR       .....                  (no boots)
Stlth    +.........             (no amulet)
HPRegen  0.09/turn              (no ring)
MPRegen  0.09/turn              (no ring)

@: lethally poisoned (0 -> -4)
A: small, carnivore
a: no special abilities


You were on level 2 of the Dungeon.
You were not hungry.

You visited 1 branch of the dungeon, and saw 2 of its levels.

You collected 74 gold pieces.

Inventory:

Hand Weapons
 a - a +0 dagger (weapon)
 b - a +0 shortbow
Missiles
 d - 20 arrows
 k - 3 throwing nets (quivered)
Armour
 c - a +0 leather armour (worn)
Scrolls
 g - a scroll of remove curse {unknown}
 i - a scroll of identify {unknown}
Potions
 h - a potion of resistance {unknown}
 j - a potion of heal wounds {unknown}
Comestibles
 f - a ration


   Skills:
 + Level 3.7 Fighting
 + Level 0.8 Short Blades
 + Level 3.3 Bows
 + Level 0.1 Throwing
 + Level 1.4 Armour
 + Level 2.9 Dodging
 + Level 1.4 Stealth
   Level 1.2 Evocations


You had 3 spell levels left.
You didn't know any spells.
Your spell library was empty.

Dungeon Overview and Level Annotations

Branches:
Dungeon (2/15)

Altars:
Nemelex Xobeh


Innate Abilities, Weirdness & Mutations

You are small and have problems with some larger weapons.
You are carnivorous and can eat meat at any time.


Message History

The adder is almost dead.
You feel sick. The adder bites you.
* * * LOW HITPOINT WARNING * * *
You are more poisoned.
The adder poisons you!
You hit the adder but do no damage.
The adder is almost dead.
The adder bites you.
* * * LOW HITPOINT WARNING * * *
You completely miss the adder.
The adder is almost dead.
* * * LOW HITPOINT WARNING * * *
You feel sick. The adder bites you.
* * * LOW HITPOINT WARNING * * *
You hit the adder but do no damage.
The adder is almost dead.
The adder closely misses you. x2
You hit the adder.
You kill the adder!
You die...

## #.# .. ... ### #. #.#
.. .> #.# #.## #. #.#
.(.# #. #.# ...# ###.###
#.#####(..####
......#####<##..(......#
###.#...........@......#
.............#.........#
#####..#####.####...####
#..# #.# ...# #........#
...# ##.####### $### #.#
.# #.# .# #.#


There were no monsters in sight!

Vanquished Creatures
  3 adders
  A gnoll (D:1)
  An ooze (D:2)
  A leopard gecko (D:2)
  A giant cockroach (D:1)
  4 goblins (D:1)
  2 hobgoblins (D:1)
  8 jackals (D:1)
  A bat (D:1)
  A frilled lizard (D:1)
  7 kobolds
  A rat (D:1)
31 creatures vanquished.

Notes
Turn   | Place    | Note
-------+----------+-------------------------------------------
     0 | D:1      | DrEnzyme the Kobold Wanderer began the quest for the Orb.
     0 | D:1      | DrEnzyme set off with the following items: a +0 shortbow, 4
                  | throwing nets, a +0 leather armour, 21 arrows, a potion of
                  | curing, a ration
     0 | D:1      | Reached XP level 1. HP: 14/14 MP: 1/1
   130 | D:1      | Reached XP level 2. HP: 11/19 MP: 2/2
   693 | D:1      | Reached XP level 3. HP: 23/23 MP: 3/3
   756 | D:1      | Found a sparkling altar of Nemelex Xobeh.
  1432 | D:1      | Reached XP level 4. HP: 9/29 MP: 4/4
  2074 | D:2      | HP: 1/29 [adder (1)]
  2076 | D:2      | Succumbed to an adder's poison

Levels and vault maps discovered:
D:1:      lemuel_arrival_room, layout_loops_ring, nemelex_diamond_rough_becter
D:2:      layout_loops_ring, first_ration

Skill      XL: |  1  2  3 |
---------------+----------+-----
Bows           | 3 |  3.3
Fighting       | |  3.7
Short Blades   | |  0.8
Throwing       | |  0.1
Armour         | |  1.4
Dodging        | |  2.9
Stealth        | |  1.4
Evocations     | |  1.2

Action                   |  1- 3 |  4- 6 || total
-------------------------+-------+-------++-------
Melee: Dagger            |    32 |    38 ||    70
 Fire: Shortbow          |    88 |     8 ||    96
Throw: Throwing net      |     3 |     3 ||     6
  Use: Potion            |       |     1 ||     1
 Stab: Held in net/web   |     1 |       ||     1
  Eat: Chunk             |       |     2 ||     2
       Ration            |       |     1 ||     1
Armor: Leather armour    |     8 |     6 ||    14
Dodge: Dodged            |    52 |    36 ||    88

Table legend:
 A = Non-vault XP
 B = Vault XP
 C = Vault XP percentage of total XP
 D = Non-vault monster count
 E = Vault monster count
 F = Vault count percentage of total count
                 A         B        C        D         E       F
            +---------+---------+-------+---------+---------+-------
      Total |     107 |       0 |   0.0 |      31 |       0 |   0.0
            +---------+---------+-------+---------+---------+-------
        D:1 |      67 |       0 |   0.0 |      25 |       0 |   0.0
        D:2 |      40 |       0 |   0.0 |       6 |       0 |   0.0
            +---------+---------+-------+---------+---------+-------
